 Dungeon Crawl Stone Soup version 0.19-a0-867-g949743d (webtiles) character file.

40 4thArraOfDagon the Poker (level 3, -12/27 HPs)
             Began as a Mummy Skald on July 3, 2016.
             Mangled by Jessica
             ... wielding a +8 club
              (18 damage)
             ... on level 2 of the Dungeon.
             The game lasted 00:02:16 (1143 turns).

4thArraOfDagon the Poker (Mummy Skald)              Turns: 1143, Time: 00:02:17

Health: -12/27     AC:  3    Str: 15    XL:     3   Next: 30%
Magic:  6/6        EV:  8    Int: 12    God:
Gold:   150        SH: 10    Dex: 11    Spells: 1 memorised, 5 levels left

rFire  x . .     SeeInvis .     i - staff of earth (curse)
rCold  + . .     Gourm    .     b - +0 leather armour
rNeg   + + +     Faith    .     g - +3 shield
rPois  ∞         Spirit   .     (no helmet)
rElec  .         Dismiss  .     (no cloak)
rCorr  .         Reflect  .     (no gloves)
SustAt .         Harm     .     (no boots)
MR     .....                    (no amulet)
Stlth  +.........               (no ring)
                                (no ring)

@: not resistant to hostile enchantments, very unstealthy
A: no food or potions, fire vulnerability, cold resistance 1, negative energy
resistance 3, torment resistance, unbreathing
a: no special abilities


You were on level 2 of the Dungeon.
You were not hungry.

You visited 1 branch of the dungeon, and saw 2 of its levels.

You collected 150 gold pieces.

Inventory:

Hand Weapons
 a - a +0 spear
Armour
 b - a +0 leather armour (worn)
 g - a +3 shield (worn)
Magical Staves
 i - a cursed staff of earth (weapon)
Books
 c - a book of Battle

   Spells                             Type                      Level
   a - Infusion                       Charms                       1
   b - Shroud of Golubria             Charms/Translocation         2
   c - Song of Slaying                Charms                       2
   d - Spectral Weapon                Hexes/Charms                 3
   e - Regeneration                   Charms/Necromancy            3


   Skills:
 - Level 2.0 Fighting
 * Level 2.5 Polearms
 + Level 1.3 Armour
 + Level 1.2 Dodging
 - Level 2.0 Spellcasting
 - Level 2.4 Charms


You had 5 spell levels left.
You knew the following spells:

 Your Spells              Type           Power        Failure   Level  Hunger
a - Infusion              Chrm           #...         89%         1    N/A

Dungeon Overview and Level Annotations

Branches:
Dungeon (2/15)

Altars:

Annotations:
D:2 Jessica


Innate Abilities, Weirdness & Mutations

You do not eat or drink.
Your flesh is vulnerable to fire.
You are immune to poison.
Your flesh is cold resistant. (rC+)
You are immune to negative energy. (rN+++)
You are immune to unholy pain and torment.
You can survive without breathing.


Message History

Unknown command.
Jessica hits you with an enchanted club!
Jessica drinks a potion.
Jessica seems to grow stronger.
You hit Jessica.
Jessica is moderately wounded.
You block Jessica's attack.
You barely miss Jessica.
Jessica is moderately wounded.
Jessica points at you and mumbles some strange words.
You are unaffected.
You block Jessica's attack.
You hit Jessica.
Jessica is severely wounded.
Jessica hits you with an enchanted club.
Jessica hits you with an enchanted club!
* * * LOW HITPOINT WARNING * * *
You closely miss Jessica.
Jessica is severely wounded.
Jessica hits you with an enchanted club!!
Ouch! That really hurt!
You die...

#.... ..# #..###'#####
#.#.# #.# #..#.......#
#.#. #.# #..+.......#
....###.#####..#.......#
.......................#
..#.....................
........................
....#..#####+#.##..###.
. #.@# ........... #.@#
.#.#...###. #..# .#...#
#. #..# #..w# ## #..# ..
+ ...# #.##### #..#
....... .... ....... ##


You could see Jessica.

Vanquished Creatures
  2 adders (D:2)
  A dart slug (D:1)
  A giant cockroach (D:1)
  3 hobgoblins (D:2)
  5 kobolds
  3 bats
  A giant newt (D:2)
  3 goblins (D:1)
  3 rats
22 creatures vanquished.

Notes
Turn   | Place    | Note
-------+----------+-------------------------------------------
     0 | D:1      | 4thArraOfDagon the Mummy Skald began the quest for the Orb.
     0 | D:1      | Reached XP level 1. HP: 16/16 MP: 3/3
     0 | D:1      | MUSK
     0 | D:1      | wowl
    69 | D:1      | Reached skill level 1 in Armour
   200 | D:1      | Reached skill level 1 in Dodging
   353 | D:1      | Reached XP level 2. HP: 22/22 MP: 1/5
   920 | D:2      | Reached XP level 3. HP: 11/27 MP: 0/6
  1137 | D:2      | Noticed Jessica
  1143 | D:2      | Mangled by Jessica

Vault maps used:
D:1:      dpeg_arrival_brainrot
D:2:      first_bread, uniq_jessica

Skill      XL: |  1 |
---------------+----+-----
Armour         | 1 |  1.3
Dodging        | 1 |  1.2
Polearms       | 2 |  2.5
Fighting       | |  2.0
Spellcasting   | |  2.0
Charms         | |  2.4

Action                   || total
-------------------------++-------
Melee: Spear             ||    62
       Staff             ||     4
 Cast: Infusion          ||     9
  Use: Scroll            ||     4
Armor: Leather armour    ||    22
Dodge: Dodged            ||    42
Block: Shield            ||     9
